Connexion

LAS VEGAS Golden Knights vs NEW JERSEY Devils

Created - 8 février 2024 at 05:49

Goals
1 2 3 OT1 T
LAS VEGAS Golden Knights 3 1 0 0 4
NEW JERSEY Devils 1 1 2 1 5
Shots
1 2 3 OT1 T
LAS VEGAS Golden Knights 12 14 8 0 34
NEW JERSEY Devils 6 14 9 2 31

GoalsPenalties
1st period
1. LAS VEGAS Golden Knights , Keegan Kolesar 5 (Jakub Zboril 23, Brady Skjei 22) at 4:26
2. LAS VEGAS Golden Knights , Alex Kerfoot 21 (Nick Seeler 27, Filip Hronek 40) at 6:17
3. LAS VEGAS Golden Knights , Jakub Zboril 8 (Keegan Kolesar 11, Ilya Sorokin) at 10:39 (PP)
4. NEW JERSEY Devils , Roope Hintz 18 (Shayne Gostisbehere 44, Trevor Zegras 33) at 17:34 (PP)
Jaccob Slavin (N.J) for Roughing (Double Minor) at 6:43
Charlie Coyle (N.J) for Interference (Minor) at 15:17
Jakub Zboril (L-V) for Hooking (Minor) at 17:22
2nd period
5. NEW JERSEY Devils , Cody Glass 6 (Shayne Gostisbehere 45, Kirby Dach 13) at 9:55
6. LAS VEGAS Golden Knights , J.T. Miller 21 (Ryan Nugent-Hopkins 34, Filip Hronek 41) at 17:48
Nikita Zaitsev (L-V) for Interference (Minor) at 4:46
Jordan Harris (N.J) for Hooking (Minor) at 18:10
3rd period
7. NEW JERSEY Devils , Cody Glass 7 (Jack Johnson 15, Kirby Dach 14) at 8:47
8. NEW JERSEY Devils , Jack Johnson 3 (Nail Yakupov 12, Jordan Harris 23) at 16:33
Anton Lundell (N.J) for Hooking (Minor) at 17:43
Overtime #1
9. NEW JERSEY Devils , Christian Dvorak 8 (Austin Wagner 2, Shayne Gostisbehere 46) at 0:22
No Penalty
Goalie Stats
Ilya Sorokin (L-V), 26 saves from 31 shots - (0,839), OTL, 24-21-7, 60:23 minutes
Patrik Rybar (N.J), 7 saves from 10 shots - (0,700), 14:30 minutes
Tristan Jarry (N.J), 23 saves from 24 shots - (0,958), W, 19-21-3, 45:53 minutes
3 StarsOfficial
1 - Jack Johnson (N.J)
2 - Cody Glass (N.J)
3 - Shayne Gostisbehere (N.J)
Referees : Marc Joannette and Ghislain Hebert
Linesman : Ryan Galloway and Brian Murphy
Game Note
Patrik Rybar is injured at 14:30 of 1st period (Back)
Tristan Jarry enters game at 14:30 of 1st period
Finance
Level 1 -- Attendance: 5445 (90,75%) -- Ticket Income $653,400
Level 2 -- Attendance: 4599 (99,44%) -- Ticket Income $413,910
Level 3 -- Attendance: 1760 (88,00%) -- Ticket Income $96,800
Level 4 -- Attendance: 3118 (77,95%) -- Ticket Income $124,720
Luxury Box -- Attendance: 922 (92,20%) -- Ticket Income $175,180
Game was played at the Prudential Center.
Total Attendance: 15844 (89,90%)
Total Ticket Income: $1,464,010
Other Income: $292,802
Total Income: $1,756,812



Team Name Goals Shots Shots Attemp Shots Blocked PIM HIT PP PK FO%
LAS VEGAS Golden Knights 43469164171 / 5 (20%)148%
NEW JERSEY Devils 531721010151 / 2 (50%)153%

LAS VEGAS Golden Knights
Player Name POS G A P +/- PIM HIT SHT SB MP PP MP PP SHT PK MP PK SHT FO% FOT
Alex GalchenyukC/LW0000013019:414:3710:0000% 1
Alex KerfootC/LW1011004021:134:3711:55052% 23
Artem AnisimovC/LW000-1011211:100:1800:00050% 16
Brady SkjeiD0111030116:350:1801:5500% 0
Cole CaufieldRW000-1001010:520:0000:000100% 1
Filip HronekD022-2011121:094:2310:1600% 0
J.T. MillerC/LW/RW101-1035123:534:5801:551100% 1
Jakub ZborilD1121213115:000:1810:2100% 0
Joona KoppanenC/LW000101005:230:0000:0000% 0
Keegan KolesarRW112101405:410:1800:0000% 1
Kirill MarchenkoRW000-1000010:520:0000:0000% 0
Luke KuninC/RW0001011019:344:3710:16050% 2
Nick SeelerD011-1022122:396:0221:3800% 0
Nikita ZaitsevD0000221523:595:1310:1200% 0
Pavel ZachaC/LW000-2002022:374:5800:16020% 5
Philip KurashevC/LW/RW000100005:410:1800:00060% 5
Ryan Nugent-HopkinsC/LW011-1006121:584:5820:00044% 25
Vladislav GavrikovD0000000320:593:3200:0000% 0
NEW JERSEY Devils
Player Name POS G A P +/- PIM HIT SHT SB MP PP MP PP SHT PK MP PK SHT FO% FOT
Anton LundellC0000213118:101:1000:00068% 25
Austin WagnerC/LW/RW011200108:080:0002:2100% 1
Brett KulakD000-3000019:120:0005:3100% 0
Charlie CoyleC/RW0000213017:410:4100:0000% 1
Christian DvorakC/LW1012012012:050:0006:18062% 26
Cody GlassC2021012013:320:0002:27022% 9
Erik JohnsonD000-3000217:030:0003:2200% 0
Jaccob SlavinD0001403021:301:3013:1300% 0
Jack JohnsonD1122041017:270:0000:0000% 0
Jordan HarrisD0112220321:100:4103:0300% 0
Kirby DachC/RW0221002014:471:0112:4100% 0
Max DomiC/LW0000012218:111:1000:000100% 1
Nail YakupovRW011101205:240:0000:0000% 0
Roope HintzC/LW101-2012015:271:0110:0000% 1
Sean KuralyC/LW0001011011:050:0000:0000% 0
Shayne GostisbehereD0332002223:181:3014:3700% 0
Trevor ZegrasC011-2002015:271:0100:00040% 15
Troy TerryC/RW000-2013021:351:1015:5910% 1



Play-by-Play

1st period


0:01 of 1st period - Anton Lundell wins face-off versus Ryan Nugent-Hopkins in neutral zone.
0:14 of 1st period - Shot by Jaccob Slavin.
0:14 of 1st period - Shot Misses the Net.
0:16 of 1st period - Shot by Charlie Coyle.
0:16 of 1st period - Stopped by Ilya Sorokin without a rebound.
0:17 of 1st period - Alex Kerfoot wins face-off versus Trevor Zegras in LAS VEGAS Golden Knights zone.
0:30 of 1st period - Shot by Alex Galchenyuk.
0:30 of 1st period - Shot Misses the Net.
0:32 of 1st period - Shot by Luke Kunin.
0:32 of 1st period - Shot Blocked by Jordan Harris.
0:35 of 1st period - Luke Kunin is hit by Jack Johnson and loses puck.
0:48 of 1st period - Shot by Alex Kerfoot.
0:48 of 1st period - Stopped by Patrik Rybar without a rebound.
0:49 of 1st period - Artem Anisimov wins face-off versus Cody Glass in NEW JERSEY Devils zone.
1:22 of 1st period - Shot by Sean Kuraly.
1:22 of 1st period - Shot Misses the Net.
1:28 of 1st period - Shot by Kirby Dach.
1:28 of 1st period - Stopped by Ilya Sorokin with a rebound.
1:30 of 1st period - Shot by Erik Johnson.
1:30 of 1st period - Shot Blocked by Jakub Zboril.
1:32 of 1st period - Shot by Brett Kulak.
1:32 of 1st period - Shot Blocked by Artem Anisimov.
1:54 of 1st period - Shot by Anton Lundell.
1:54 of 1st period - Shot Misses the Net.
1:56 of 1st period - Shot by Jaccob Slavin.
1:56 of 1st period - Stopped by Ilya Sorokin without a rebound.
1:57 of 1st period - Ryan Nugent-Hopkins wins face-off versus Austin Wagner in LAS VEGAS Golden Knights zone.
2:11 of 1st period - Shot by J.T. Miller.
2:11 of 1st period - Shot Misses the Net.
4:26 of 1st period - Shot by Keegan Kolesar.
4:26 of 1st period - Goal by Keegan Kolesar - LAS VEGAS Golden Knights : 1 - NEW JERSEY Devils : 0.
4:27 of 1st period - Ryan Nugent-Hopkins wins face-off versus Cody Glass in neutral zone.
4:27 of 1st period - Pavel Zacha is hit by Sean Kuraly and loses puck.
4:57 of 1st period - Ryan Nugent-Hopkins is hit by Jack Johnson and loses puck.
5:12 of 1st period - Shot by Pavel Zacha.
5:12 of 1st period - Shot Misses the Net.
5:23 of 1st period - Off-side.
5:24 of 1st period - Anton Lundell wins face-off versus Philip Kurashev in neutral zone.
5:42 of 1st period - Off-side.
5:43 of 1st period - Trevor Zegras wins face-off versus Luke Kunin in neutral zone.
5:58 of 1st period - Shot by Troy Terry.
5:58 of 1st period - Shot Hit the Post.
6:17 of 1st period - Shot by Alex Kerfoot.
6:17 of 1st period - Goal by Alex Kerfoot - LAS VEGAS Golden Knights : 2 - NEW JERSEY Devils : 0.
6:18 of 1st period - Anton Lundell wins face-off versus Ryan Nugent-Hopkins in neutral zone.
6:33 of 1st period - Shot by Pavel Zacha.
6:33 of 1st period - Shot Misses the Net.
6:35 of 1st period - Shot by Pavel Zacha.
6:35 of 1st period - Shot Misses the Net.
6:37 of 1st period - Shot by Vladislav Gavrikov.
6:37 of 1st period - Shot Misses the Net.
6:39 of 1st period - Shot by J.T. Miller.
6:39 of 1st period - Shot Blocked by Anton Lundell.
6:41 of 1st period - Shot by Ryan Nugent-Hopkins.
6:41 of 1st period - Deflect By J.T. Miller.
6:41 of 1st period - Stopped by Patrik Rybar with a rebound.
6:43 of 1st period - Shot by Pavel Zacha.
6:43 of 1st period - Stopped by Patrik Rybar without a rebound.
6:43 of 1st period - Double Minor Penalty to Jaccob Slavin for Roughing.
6:44 of 1st period - Christian Dvorak wins face-off versus Alex Kerfoot in NEW JERSEY Devils zone.
6:44 of 1st period - Christian Dvorak is hit by Luke Kunin.
7:52 of 1st period - Icing by Pavel Zacha.
7:53 of 1st period - Christian Dvorak wins face-off versus Pavel Zacha in LAS VEGAS Golden Knights zone.
8:58 of 1st period - Shot by Filip Hronek.
8:58 of 1st period - Deflect By Alex Kerfoot.
8:58 of 1st period - Stopped by Patrik Rybar with a rebound.
10:17 of 1st period - Shot by Vladislav Gavrikov.
10:17 of 1st period - Shot Blocked by Erik Johnson.
10:39 of 1st period - Shot by Jakub Zboril.
10:39 of 1st period - Goal by Jakub Zboril - LAS VEGAS Golden Knights : 3 - NEW JERSEY Devils : 0.
10:40 of 1st period - Anton Lundell wins face-off versus Artem Anisimov in neutral zone.
10:40 of 1st period - Shayne Gostisbehere is hit by Artem Anisimov and loses puck.
10:45 of 1st period - Shot by Charlie Coyle.
10:45 of 1st period - Shot Misses the Net.
11:06 of 1st period - Shot by Max Domi.
11:06 of 1st period - Shot Hit the Post.
11:08 of 1st period - Shot by Anton Lundell.
11:08 of 1st period - Shot Misses the Net.
11:17 of 1st period - Icing by Brady Skjei.
11:18 of 1st period - Trevor Zegras wins face-off versus Artem Anisimov in LAS VEGAS Golden Knights zone.
11:18 of 1st period - Troy Terry is hit by Brady Skjei and loses puck.
12:06 of 1st period - Pavel Zacha is hit by Jordan Harris and loses puck.
12:32 of 1st period - Luke Kunin is hit by Roope Hintz and loses puck.
12:42 of 1st period - Luke Kunin is hit by Jordan Harris.
13:31 of 1st period - Shot by Keegan Kolesar.
13:31 of 1st period - Shot Misses the Net.
13:33 of 1st period - Shot by Keegan Kolesar.
13:33 of 1st period - Stopped by Patrik Rybar without a rebound.
13:34 of 1st period - Anton Lundell wins face-off versus Artem Anisimov in NEW JERSEY Devils zone.
14:02 of 1st period - Shot by Artem Anisimov.
14:02 of 1st period - Stopped by Patrik Rybar without a rebound.
14:03 of 1st period - Cody Glass wins face-off versus Ryan Nugent-Hopkins in NEW JERSEY Devils zone.
14:26 of 1st period - Shot by Jakub Zboril.
14:26 of 1st period - Shot Blocked by Erik Johnson.
14:28 of 1st period - Shot by Ryan Nugent-Hopkins.
14:28 of 1st period - Shot Misses the Net.
14:30 of 1st period - Shot by Jakub Zboril.
14:30 of 1st period - Stopped by Patrik Rybar without a rebound.
14:30 of 1st period - Patrik Rybar from NEW JERSEY Devils is injured at 14:30 of 1st period (Back).
14:30 of 1st period - Tristan Jarry enters game.
14:31 of 1st period - Anton Lundell wins face-off versus Alex Kerfoot in NEW JERSEY Devils zone.
14:31 of 1st period - Anton Lundell is hit by Alex Galchenyuk.
14:46 of 1st period - Icing by Nick Seeler.
14:47 of 1st period - Christian Dvorak wins face-off versus Alex Kerfoot in LAS VEGAS Golden Knights zone.
15:10 of 1st period - Shot by Christian Dvorak.
15:10 of 1st period - Stopped by Ilya Sorokin without a rebound.
15:11 of 1st period - Anton Lundell wins face-off versus Ryan Nugent-Hopkins in LAS VEGAS Golden Knights zone.
15:16 of 1st period - Shot by Max Domi.
15:16 of 1st period - Shot Blocked by Nikita Zaitsev.
15:17 of 1st period - Minor Penalty to Charlie Coyle for Interference.
15:18 of 1st period - Ryan Nugent-Hopkins wins face-off versus Christian Dvorak in NEW JERSEY Devils zone.
15:49 of 1st period - Shot by Nick Seeler.
15:49 of 1st period - Stopped by Tristan Jarry without a rebound.
15:50 of 1st period - Christian Dvorak wins face-off versus Alex Galchenyuk in NEW JERSEY Devils zone.
16:06 of 1st period - Icing by Luke Kunin.
16:07 of 1st period - Alex Kerfoot wins face-off versus Christian Dvorak in LAS VEGAS Golden Knights zone.
16:07 of 1st period - Alex Kerfoot is hit by Troy Terry.
16:15 of 1st period - Shot by Filip Hronek.
16:15 of 1st period - Shot Misses the Net.
16:31 of 1st period - Shot by Luke Kunin.
16:31 of 1st period - Stopped by Tristan Jarry without a rebound.
16:32 of 1st period - Christian Dvorak wins face-off versus Ryan Nugent-Hopkins in NEW JERSEY Devils zone.
16:52 of 1st period - Icing by Pavel Zacha.
16:53 of 1st period - Ryan Nugent-Hopkins wins face-off versus Christian Dvorak in LAS VEGAS Golden Knights zone.
17:22 of 1st period - Minor Penalty to Jakub Zboril for Hooking.
17:23 of 1st period - Trevor Zegras wins face-off versus Alex Kerfoot in LAS VEGAS Golden Knights zone.
17:24 of 1st period - Shot by Kirby Dach.
17:24 of 1st period - Shot Blocked by Nikita Zaitsev.
17:32 of 1st period - Shot by Shayne Gostisbehere.
17:32 of 1st period - Shot Blocked by J.T. Miller.
17:34 of 1st period - Shot by Roope Hintz.
17:34 of 1st period - Goal by Roope Hintz - LAS VEGAS Golden Knights : 3 - NEW JERSEY Devils : 1.
17:35 of 1st period - Artem Anisimov wins face-off versus Anton Lundell in neutral zone.
18:03 of 1st period - Icing by Filip Hronek.
18:04 of 1st period - Artem Anisimov wins face-off versus Cody Glass in LAS VEGAS Golden Knights zone.
19:28 of 1st period - Shot by Max Domi.
19:28 of 1st period - Stopped by Ilya Sorokin without a rebound.
19:29 of 1st period - Alex Kerfoot wins face-off versus Trevor Zegras in LAS VEGAS Golden Knights zone.
19:51 of 1st period - Shot by Troy Terry.
19:51 of 1st period - Shot Misses the Net.
19:59 of 1st period - Shot by Trevor Zegras.
19:59 of 1st period - Shot Misses the Net.
Goals for this period are 3 for LAS VEGAS Golden Knights vs 1 for NEW JERSEY Devils.
Shots for this period are 12 for LAS VEGAS Golden Knights vs 6 for NEW JERSEY Devils.

2nd period


0:01 of 2nd period - Anton Lundell wins face-off versus Ryan Nugent-Hopkins in neutral zone.
0:10 of 2nd period - Shot by Anton Lundell.
0:10 of 2nd period - Stopped by Ilya Sorokin without a rebound.
0:11 of 2nd period - Alex Kerfoot wins face-off versus Trevor Zegras in LAS VEGAS Golden Knights zone.
0:13 of 2nd period - Icing by Nikita Zaitsev.
0:14 of 2nd period - Alex Kerfoot wins face-off versus Anton Lundell in LAS VEGAS Golden Knights zone.
0:33 of 2nd period - Shot by Alex Galchenyuk.
0:33 of 2nd period - Stopped by Tristan Jarry with a rebound.
0:55 of 2nd period - Shot by Luke Kunin.
0:55 of 2nd period - Shot Misses the Net.
0:57 of 2nd period - Shot by Luke Kunin.
0:57 of 2nd period - Shot Blocked by Shayne Gostisbehere.
1:17 of 2nd period - Jordan Harris is hit by J.T. Miller and loses puck.
1:49 of 2nd period - Troy Terry is hit by J.T. Miller and loses puck.
2:22 of 2nd period - Shot by Jakub Zboril.
2:22 of 2nd period - Stopped by Tristan Jarry without a rebound.
2:23 of 2nd period - Artem Anisimov wins face-off versus Christian Dvorak in NEW JERSEY Devils zone.
2:32 of 2nd period - Shot by Cole Caufield.
2:32 of 2nd period - Shot Misses the Net.
2:34 of 2nd period - Shot by Kirill Marchenko.
2:34 of 2nd period - Deflect By Cole Caufield.
2:34 of 2nd period - Stopped by Tristan Jarry with a rebound.
2:36 of 2nd period - Shot by Artem Anisimov.
2:36 of 2nd period - Shot Misses the Net.
2:44 of 2nd period - Shot by Artem Anisimov.
2:44 of 2nd period - Deflect By Cole Caufield.
2:44 of 2nd period - Shot Misses the Net.
3:03 of 2nd period - Shot by Artem Anisimov.
3:03 of 2nd period - Shot Misses the Net.
3:40 of 2nd period - Icing by Nail Yakupov.
3:41 of 2nd period - Christian Dvorak wins face-off versus Ryan Nugent-Hopkins in NEW JERSEY Devils zone.
3:52 of 2nd period - Shot by J.T. Miller.
3:52 of 2nd period - Stopped by Tristan Jarry without a rebound.
3:53 of 2nd period - Philip Kurashev wins face-off versus Anton Lundell in NEW JERSEY Devils zone.
4:11 of 2nd period - Shot by Keegan Kolesar.
4:11 of 2nd period - Stopped by Tristan Jarry without a rebound.
4:12 of 2nd period - Ryan Nugent-Hopkins wins face-off versus Trevor Zegras in NEW JERSEY Devils zone.
4:43 of 2nd period - Shot by Troy Terry.
4:43 of 2nd period - Shot Misses the Net.
4:45 of 2nd period - Shot by Roope Hintz.
4:45 of 2nd period - Stopped by Ilya Sorokin with a rebound.
4:46 of 2nd period - Minor Penalty to Nikita Zaitsev for Interference.
4:47 of 2nd period - J.T. Miller wins face-off versus Troy Terry in LAS VEGAS Golden Knights zone.
4:47 of 2nd period - J.T. Miller is hit by Max Domi.
5:03 of 2nd period - Shot by Troy Terry.
5:03 of 2nd period - Stopped by Ilya Sorokin without a rebound.
5:04 of 2nd period - Trevor Zegras wins face-off versus Alex Kerfoot in LAS VEGAS Golden Knights zone.
5:22 of 2nd period - Shot by Roope Hintz.
5:22 of 2nd period - Deflect By Kirby Dach.
5:22 of 2nd period - Stopped by Ilya Sorokin without a rebound.
5:23 of 2nd period - Alex Kerfoot wins face-off versus Anton Lundell in LAS VEGAS Golden Knights zone.
5:31 of 2nd period - Icing by Troy Terry.
5:32 of 2nd period - Alex Kerfoot wins face-off versus Anton Lundell in NEW JERSEY Devils zone.
5:35 of 2nd period - Shot by J.T. Miller.
5:35 of 2nd period - Stopped by Tristan Jarry without a rebound.
5:36 of 2nd period - Anton Lundell wins face-off versus Alex Kerfoot in NEW JERSEY Devils zone.
5:43 of 2nd period - Shot by Shayne Gostisbehere.
5:43 of 2nd period - Shot Blocked by Brady Skjei.
5:45 of 2nd period - Shot by Jaccob Slavin.
5:45 of 2nd period - Shot Blocked by Nick Seeler.
5:47 of 2nd period - Shot by Shayne Gostisbehere.
5:47 of 2nd period - Stopped by Ilya Sorokin without a rebound.
5:48 of 2nd period - Alex Kerfoot wins face-off versus Roope Hintz in LAS VEGAS Golden Knights zone.
6:15 of 2nd period - Shot by Trevor Zegras.
6:15 of 2nd period - Shot Misses the Net.
6:17 of 2nd period - Shot by Jaccob Slavin.
6:17 of 2nd period - Stopped by Ilya Sorokin without a rebound.
6:18 of 2nd period - Anton Lundell wins face-off versus Alex Kerfoot in LAS VEGAS Golden Knights zone.
6:40 of 2nd period - Charlie Coyle is hit by Nick Seeler and loses puck.
6:43 of 2nd period - Shot by Anton Lundell.
6:43 of 2nd period - Shot Misses the Net.
6:45 of 2nd period - Shot by Anton Lundell.
6:45 of 2nd period - Shot Misses the Net.
6:47 of 2nd period - Shot by Nail Yakupov.
6:47 of 2nd period - Shot Blocked by Artem Anisimov.
6:51 of 2nd period - Shot by Nail Yakupov.
6:51 of 2nd period - Shot Blocked by Vladislav Gavrikov.
6:57 of 2nd period - Shot by Nail Yakupov.
6:57 of 2nd period - Stopped by Ilya Sorokin without a rebound.
6:58 of 2nd period - Cody Glass wins face-off versus Philip Kurashev in LAS VEGAS Golden Knights zone.
7:02 of 2nd period - Icing by Nikita Zaitsev.
7:03 of 2nd period - Philip Kurashev wins face-off versus Cody Glass in LAS VEGAS Golden Knights zone.
8:08 of 2nd period - Icing by Jack Johnson.
8:09 of 2nd period - Ryan Nugent-Hopkins wins face-off versus Anton Lundell in NEW JERSEY Devils zone.
8:10 of 2nd period - Shot by J.T. Miller.
8:10 of 2nd period - Shot Misses the Net.
8:47 of 2nd period - Pavel Zacha is hit by Charlie Coyle.
8:49 of 2nd period - Shot by Ryan Nugent-Hopkins.
8:49 of 2nd period - Stopped by Tristan Jarry without a rebound.
8:50 of 2nd period - Alex Kerfoot wins face-off versus Trevor Zegras in NEW JERSEY Devils zone.
9:15 of 2nd period - Shot by Roope Hintz.
9:15 of 2nd period - Shot Misses the Net.
9:33 of 2nd period - Shot by Trevor Zegras.
9:33 of 2nd period - Stopped by Ilya Sorokin without a rebound.
9:34 of 2nd period - Ryan Nugent-Hopkins wins face-off versus Cody Glass in LAS VEGAS Golden Knights zone.
9:55 of 2nd period - Shot by Cody Glass.
9:55 of 2nd period - Goal by Cody Glass - LAS VEGAS Golden Knights : 3 - NEW JERSEY Devils : 2.
9:56 of 2nd period - Anton Lundell wins face-off versus Artem Anisimov in neutral zone.
9:58 of 2nd period - Jack Johnson is hit by Jakub Zboril and loses puck.
10:31 of 2nd period - Shot by Artem Anisimov.
10:31 of 2nd period - Shot Blocked by Max Domi.
11:02 of 2nd period - Shot by Nick Seeler.
11:02 of 2nd period - Shot Misses the Net.
11:20 of 2nd period - Shot by Ryan Nugent-Hopkins.
11:20 of 2nd period - Stopped by Tristan Jarry without a rebound.
11:21 of 2nd period - Alex Kerfoot wins face-off versus Trevor Zegras in NEW JERSEY Devils zone.
12:07 of 2nd period - Shot by Roope Hintz.
12:07 of 2nd period - Shot Misses the Net.
13:25 of 2nd period - Shot by Shayne Gostisbehere.
13:25 of 2nd period - Stopped by Ilya Sorokin without a rebound.
13:26 of 2nd period - Cole Caufield wins face-off versus Trevor Zegras in LAS VEGAS Golden Knights zone.
13:31 of 2nd period - Off-side.
13:32 of 2nd period - Anton Lundell wins face-off versus Artem Anisimov in neutral zone.
13:46 of 2nd period - Artem Anisimov is hit by Jack Johnson and loses puck.
13:55 of 2nd period - Shot by Artem Anisimov.
13:55 of 2nd period - Shot Misses the Net.
13:59 of 2nd period - Shot by Artem Anisimov.
13:59 of 2nd period - Shot Misses the Net.
14:02 of 2nd period - Kirill Marchenko is hit by Jack Johnson and loses puck.
14:13 of 2nd period - Shot by Kirill Marchenko.
14:13 of 2nd period - Shot Blocked by Max Domi.
14:15 of 2nd period - Shot by Kirill Marchenko.
14:15 of 2nd period - Shot Misses the Net.
14:41 of 2nd period - Shot by Alex Kerfoot.
14:41 of 2nd period - Stopped by Tristan Jarry with a rebound.
15:38 of 2nd period - Nick Seeler is hit by Cody Glass and loses puck.
15:51 of 2nd period - Shot by Sean Kuraly.
15:51 of 2nd period - Stopped by Ilya Sorokin with a rebound.
15:54 of 2nd period - Icing by Filip Hronek.
15:55 of 2nd period - Christian Dvorak wins face-off versus Ryan Nugent-Hopkins in LAS VEGAS Golden Knights zone.
15:58 of 2nd period - Shot by Nail Yakupov.
15:58 of 2nd period - Stopped by Ilya Sorokin without a rebound.
15:59 of 2nd period - Anton Lundell wins face-off versus Artem Anisimov in LAS VEGAS Golden Knights zone.
16:18 of 2nd period - Shot by Artem Anisimov.
16:18 of 2nd period - Shot Misses the Net.
16:29 of 2nd period - Anton Lundell is hit by Nikita Zaitsev and loses puck.
16:40 of 2nd period - Shot by Anton Lundell.
16:40 of 2nd period - Stopped by Ilya Sorokin without a rebound.
16:41 of 2nd period - Alex Kerfoot wins face-off versus Trevor Zegras in LAS VEGAS Golden Knights zone.
17:17 of 2nd period - Trevor Zegras is hit by Brady Skjei and loses puck.
17:44 of 2nd period - Shot by Ryan Nugent-Hopkins.
17:44 of 2nd period - Stopped by Tristan Jarry with a rebound.
17:46 of 2nd period - Shot by J.T. Miller.
17:46 of 2nd period - Shot Misses the Net.
17:48 of 2nd period - Shot by J.T. Miller.
17:48 of 2nd period - Goal by J.T. Miller - LAS VEGAS Golden Knights : 4 - NEW JERSEY Devils : 2.
17:49 of 2nd period - Ryan Nugent-Hopkins wins face-off versus Anton Lundell in neutral zone.
17:49 of 2nd period - Ryan Nugent-Hopkins is hit by Anton Lundell.
18:10 of 2nd period - Minor Penalty to Jordan Harris for Hooking.
18:11 of 2nd period - Christian Dvorak wins face-off versus Pavel Zacha in NEW JERSEY Devils zone.
18:21 of 2nd period - Icing by Nick Seeler.
18:22 of 2nd period - Christian Dvorak wins face-off versus Ryan Nugent-Hopkins in LAS VEGAS Golden Knights zone.
18:25 of 2nd period - Shot by Troy Terry.
18:25 of 2nd period - Stopped by Ilya Sorokin without a rebound.
18:26 of 2nd period - Alex Kerfoot wins face-off versus Christian Dvorak in LAS VEGAS Golden Knights zone.
18:36 of 2nd period - Shot by Alex Galchenyuk.
18:36 of 2nd period - Stopped by Tristan Jarry with a rebound.
18:56 of 2nd period - Shot by Nikita Zaitsev.
18:56 of 2nd period - Stopped by Tristan Jarry with a rebound.
19:46 of 2nd period - Shot by Ryan Nugent-Hopkins.
19:46 of 2nd period - Stopped by Tristan Jarry without a rebound.
19:47 of 2nd period - Christian Dvorak wins face-off versus Ryan Nugent-Hopkins in NEW JERSEY Devils zone.
19:53 of 2nd period - Icing by Ryan Nugent-Hopkins.
19:54 of 2nd period - Christian Dvorak wins face-off versus Ryan Nugent-Hopkins in LAS VEGAS Golden Knights zone.
19:58 of 2nd period - Icing by Ryan Nugent-Hopkins.
19:59 of 2nd period - Ryan Nugent-Hopkins wins face-off versus Christian Dvorak in LAS VEGAS Golden Knights zone.
19:59 of 2nd period - Ryan Nugent-Hopkins is hit by Christian Dvorak.
Goals for this period are 1 for LAS VEGAS Golden Knights vs 1 for NEW JERSEY Devils.
Shots for this period are 14 for LAS VEGAS Golden Knights vs 14 for NEW JERSEY Devils.

3rd period


0:01 of 3rd period - Ryan Nugent-Hopkins wins face-off versus Christian Dvorak in neutral zone.
0:04 of 3rd period - Shot by Nick Seeler.
0:04 of 3rd period - Stopped by Tristan Jarry without a rebound.
0:05 of 3rd period - Christian Dvorak wins face-off versus Pavel Zacha in NEW JERSEY Devils zone.
0:22 of 3rd period - Brett Kulak is hit by Nikita Zaitsev and loses puck.
0:42 of 3rd period - Shot by Kirby Dach.
0:42 of 3rd period - Deflect By Cody Glass.
0:42 of 3rd period - Shot Blocked by Vladislav Gavrikov.
0:44 of 3rd period - Shot by Erik Johnson.
0:44 of 3rd period - Shot Misses the Net.
0:46 of 3rd period - Shot by Brett Kulak.
0:46 of 3rd period - Shot Blocked by Nikita Zaitsev.
1:28 of 3rd period - Shot by Charlie Coyle.
1:28 of 3rd period - Shot Misses the Net.
1:30 of 3rd period - Shot by Shayne Gostisbehere.
1:30 of 3rd period - Shot Misses the Net.
1:32 of 3rd period - Shot by Charlie Coyle.
1:32 of 3rd period - Stopped by Ilya Sorokin without a rebound.
1:33 of 3rd period - Artem Anisimov wins face-off versus Trevor Zegras in LAS VEGAS Golden Knights zone.
1:55 of 3rd period - Trevor Zegras is hit by Brady Skjei and loses puck.
2:31 of 3rd period - Shot by Ryan Nugent-Hopkins.
2:31 of 3rd period - Shot Misses the Net.
2:51 of 3rd period - Shot by J.T. Miller.
2:51 of 3rd period - Stopped by Tristan Jarry without a rebound.
2:52 of 3rd period - Max Domi wins face-off versus Keegan Kolesar in NEW JERSEY Devils zone.
2:52 of 3rd period - Max Domi is hit by Joona Koppanen.
3:08 of 3rd period - Shot by Anton Lundell.
3:08 of 3rd period - Shot Misses the Net.
3:20 of 3rd period - Shot by Charlie Coyle.
3:20 of 3rd period - Shot Misses the Net.
3:22 of 3rd period - Shot by Charlie Coyle.
3:22 of 3rd period - Stopped by Ilya Sorokin without a rebound.
3:23 of 3rd period - Pavel Zacha wins face-off versus Cody Glass in LAS VEGAS Golden Knights zone.
4:34 of 3rd period - Shot by Alex Kerfoot.
4:34 of 3rd period - Deflect By Alex Galchenyuk.
4:34 of 3rd period - Stopped by Tristan Jarry without a rebound.
4:35 of 3rd period - Artem Anisimov wins face-off versus Anton Lundell in NEW JERSEY Devils zone.
4:39 of 3rd period - Icing by Jaccob Slavin.
4:40 of 3rd period - Artem Anisimov wins face-off versus Charlie Coyle in NEW JERSEY Devils zone.
4:48 of 3rd period - Off-side.
4:49 of 3rd period - Anton Lundell wins face-off versus Alex Kerfoot in neutral zone.
5:28 of 3rd period - Shot by Max Domi.
5:28 of 3rd period - Shot Blocked by Nikita Zaitsev.
5:30 of 3rd period - Shot by Shayne Gostisbehere.
5:30 of 3rd period - Shot Blocked by Vladislav Gavrikov.
6:01 of 3rd period - Icing by Jordan Harris.
6:02 of 3rd period - Trevor Zegras wins face-off versus Artem Anisimov in NEW JERSEY Devils zone.
7:13 of 3rd period - Filip Hronek is hit by Nail Yakupov and loses puck.
7:24 of 3rd period - Shot by Christian Dvorak.
7:24 of 3rd period - Shot Blocked by Ryan Nugent-Hopkins.
7:44 of 3rd period - Shot by Ryan Nugent-Hopkins.
7:44 of 3rd period - Shot Misses the Net.
7:56 of 3rd period - Shot by Anton Lundell.
7:56 of 3rd period - Stopped by Ilya Sorokin with a rebound.
7:58 of 3rd period - Shot by Jaccob Slavin.
7:58 of 3rd period - Stopped by Ilya Sorokin with a rebound.
8:00 of 3rd period - Shot by Max Domi.
8:00 of 3rd period - Shot Misses the Net.
8:30 of 3rd period - Shayne Gostisbehere is hit by J.T. Miller and loses puck.
8:45 of 3rd period - Shot by Jack Johnson.
8:45 of 3rd period - Shot Blocked by Filip Hronek.
8:47 of 3rd period - Shot by Cody Glass.
8:47 of 3rd period - Goal by Cody Glass - LAS VEGAS Golden Knights : 4 - NEW JERSEY Devils : 3.
8:48 of 3rd period - Trevor Zegras wins face-off versus Alex Kerfoot in neutral zone.
8:57 of 3rd period - Shot by Troy Terry.
8:57 of 3rd period - Shot Misses the Net.
8:59 of 3rd period - Shot by Trevor Zegras.
8:59 of 3rd period - Stopped by Ilya Sorokin with a rebound.
9:07 of 3rd period - Shot by Troy Terry.
9:07 of 3rd period - Shot Misses the Net.
9:19 of 3rd period - Shot by Troy Terry.
9:19 of 3rd period - Stopped by Ilya Sorokin with a rebound.
10:12 of 3rd period - Icing by Jordan Harris.
10:13 of 3rd period - Philip Kurashev wins face-off versus Cody Glass in NEW JERSEY Devils zone.
10:28 of 3rd period - Jordan Harris is hit by Keegan Kolesar and loses puck.
10:47 of 3rd period - Shot by Keegan Kolesar.
10:47 of 3rd period - Stopped by Tristan Jarry with a rebound.
11:39 of 3rd period - Shot by Artem Anisimov.
11:39 of 3rd period - Shot Blocked by Jordan Harris.
14:04 of 3rd period - Shot by Roope Hintz.
14:04 of 3rd period - Shot Misses the Net.
14:17 of 3rd period - Off-side.
14:18 of 3rd period - Christian Dvorak wins face-off versus Ryan Nugent-Hopkins in neutral zone.
14:20 of 3rd period - Off-side.
14:21 of 3rd period - Ryan Nugent-Hopkins wins face-off versus Christian Dvorak in neutral zone.
14:26 of 3rd period - Shot by Ryan Nugent-Hopkins.
14:26 of 3rd period - Shot Misses the Net.
14:28 of 3rd period - Shot by J.T. Miller.
14:28 of 3rd period - Shot Misses the Net.
14:30 of 3rd period - Shot by J.T. Miller.
14:30 of 3rd period - Shot Blocked by Shayne Gostisbehere.
14:34 of 3rd period - Shot by Ryan Nugent-Hopkins.
14:34 of 3rd period - Stopped by Tristan Jarry without a rebound.
14:35 of 3rd period - Anton Lundell wins face-off versus Alex Kerfoot in NEW JERSEY Devils zone.
15:02 of 3rd period - Shot by Max Domi.
15:02 of 3rd period - Stopped by Ilya Sorokin with a rebound.
15:11 of 3rd period - Shot by Max Domi.
15:11 of 3rd period - Shot Blocked by Nikita Zaitsev.
15:51 of 3rd period - Shot by Pavel Zacha.
15:51 of 3rd period - Stopped by Tristan Jarry without a rebound.
15:52 of 3rd period - Artem Anisimov wins face-off versus Christian Dvorak in NEW JERSEY Devils zone.
16:07 of 3rd period - Shot by Kirill Marchenko.
16:07 of 3rd period - Shot Blocked by Jordan Harris.
16:12 of 3rd period - Jack Johnson is hit by Filip Hronek.
16:19 of 3rd period - Nail Yakupov is hit by Nick Seeler.
16:31 of 3rd period - Shot by Nail Yakupov.
16:31 of 3rd period - Shot Misses the Net.
16:33 of 3rd period - Shot by Jack Johnson.
16:33 of 3rd period - Goal by Jack Johnson - LAS VEGAS Golden Knights : 4 - NEW JERSEY Devils : 4.
16:34 of 3rd period - Anton Lundell wins face-off versus Ryan Nugent-Hopkins in neutral zone.
17:43 of 3rd period - Minor Penalty to Anton Lundell for Hooking.
17:44 of 3rd period - Christian Dvorak wins face-off versus Alex Kerfoot in NEW JERSEY Devils zone.
18:47 of 3rd period - Shot by Ryan Nugent-Hopkins.
18:47 of 3rd period - Stopped by Tristan Jarry without a rebound.
18:48 of 3rd period - Luke Kunin wins face-off versus Christian Dvorak in NEW JERSEY Devils zone.
18:49 of 3rd period - Shot by Filip Hronek.
18:49 of 3rd period - Stopped by Tristan Jarry without a rebound.
18:50 of 3rd period - Christian Dvorak wins face-off versus Ryan Nugent-Hopkins in NEW JERSEY Devils zone.
19:50 of 3rd period - Icing by Jakub Zboril.
19:51 of 3rd period - Anton Lundell wins face-off versus Artem Anisimov in LAS VEGAS Golden Knights zone.
Goals for this period are 0 for LAS VEGAS Golden Knights vs 2 for NEW JERSEY Devils.
Shots for this period are 8 for LAS VEGAS Golden Knights vs 9 for NEW JERSEY Devils.

Overtime #1


0:01 of 1st overtime period - Christian Dvorak wins face-off versus Pavel Zacha in neutral zone.
0:20 of 1st overtime period - Shot by Austin Wagner.
0:20 of 1st overtime period - Stopped by Ilya Sorokin with a rebound.
0:22 of 1st overtime period - Shot by Austin Wagner.
0:22 of 1st overtime period - Deflect By Christian Dvorak.
0:22 of 1st overtime period - Goal by Christian Dvorak - LAS VEGAS Golden Knights : 4 - NEW JERSEY Devils : 5.
Goals for this period are 0 for LAS VEGAS Golden Knights vs 1 for NEW JERSEY Devils.
Shots for this period are 0 for LAS VEGAS Golden Knights vs 2 for NEW JERSEY Devils.